 Dungeon Crawl Stone Soup version 0.30.0-29-ga12c61a403 (webtiles) character file.

Game seed: 5123773369746133834

731 Irreverend the Ruffian (level 7, -5/65 (70) HPs)
             Began as a Troll Fighter on June 6, 2023.
             Slain by a wight
             ... wielding a +4 hand axe
              (12 damage)
             ... on level 6 of the Dungeon.
             The game lasted 00:04:18 (4034 turns).

Irreverend the Ruffian (Troll Fighter)              Turns: 4034, Time: 00:04:19

HP:   -5/65 (70)    AC:  4    Str: 25    XL:     7   Next: 45%
MP:   0/6           EV:  9    Int:  6    God:
Gold: 366           SH:  9    Dex: 15    Spells: 6/6 levels left

rFire   . .          .
                       - Unarmed
rCold   . . .        b - +0 kite shield
rNeg    . . .        a - +0 robe
rPois   .            (helmet restricted)
rElec   .            (no cloak)
rCorr   .            (gloves unavailable)
SInv    .            (boots unavailable)
Will    .....        u - amulet of guardian spirit
Stlth   +            y - +6 ring of dexterity
HPRegen 1.10/turn    (no ring)
MPRegen 0.10/turn

%: guardian spirit
@: mighty, drained
A: large, unfitting armour, claws 3, regeneration 1, shaggy fur 1, tough skin 1
a: no special abilities


You were on level 6 of the Dungeon.
You visited 2 branches of the dungeon, and saw 7 of its levels.

You collected 366 gold pieces.

Inventory:

Missiles
 E - a throwing net (quivered)
Armour
 a - a +0 robe (worn)
 b - a +0 kite shield (worn)
Magical Staves
 q - a staff of earth
Jewellery
 t - a ring of ice
 u - an amulet of guardian spirit (around neck)
 x - a +6 ring of intelligence
 y - a +6 ring of dexterity (left claw)
Scrolls
 e - a scroll of amnesia {unknown}
 f - 4 scrolls of teleportation {unknown}
 g - 2 scrolls of enchant weapon {unknown}
 i - 2 scrolls of noise {unknown}
 j - 7 scrolls of identify {unknown}
 n - a scroll of enchant armour {unknown}
 o - a scroll of acquirement {unknown}
 s - a scroll of fear {unknown}
 v - 2 scrolls of poison {unknown}
 z - a scroll of torment {unknown}
 A - a scroll of immolation {unknown}
 D - 2 scrolls of silence {unknown}
Potions
 c - a potion of might
 d - 4 potions of resistance {unknown}
 h - 3 potions of curing {unknown}
 k - a potion of mutation {unknown}
 l - a potion of lignification {unknown}
 m - 2 potions of brilliance {unknown}
 p - a potion of flight {unknown}
 r - a potion of haste {unknown}
 w - 2 potions of heal wounds {unknown}
 B - a potion of attraction {unknown}
 C - a potion of ambrosia {unknown}
 F - a potion of degeneration {unknown}


   Skills:
 + Level 4.2 Fighting
 - Level 2.4 Dodging
 + Level 4.6 Shields
 * Level 6.1 Unarmed Combat


You had 6 spell levels left.
You didn't know any spells.
Your spell library contained the following spells:

 Spells                   Type           Power      Damage    Failure   Level
 Sting                    Tmut/Pois      0%         1d3       69%         1
 Poisonous Vapours        Pois/Air       0%         N/A       83%         2
 Dazzling Flash           Conj/Hex       0%         N/A       96%         3
 Vhi's Electric Charge    Tloc/Air       0%         N/A       96%         3
 Volatile Blastmotes      Fire/Tloc      0%         2d10      96%         3
 Iskenderun's Mystic Bla  Conj/Tloc      0%         2d3       100%        4
 Olgreb's Toxic Radiance  Pois           0%         N/A       100%        4
 Arcjolt                  Conj/Air       0%         1d10      100%        5
 Starburst                Conj/Fire      0%         6d3       100%        6
 Maxwell's Capacitive Co  Air            0%         ∞         100%        8


Dungeon Overview and Level Annotations

Branches:
Dungeon (6/15)             Temple (1/1) D:5

Altars:
Cheibriados
Dithmenos
Gozag
Hepliaklqana
Kikubaaqudgha
Makhleb
Okawaru
Qazlal
Ru
Sif Muna
Trog
Vehumet
Xom
Yredelemnul
Zin


Innate Abilities, Weirdness & Mutations

You are too large for most types of armour.
You have claws for hands.
Your natural rate of healing is unusually fast.
You are covered in fur. (AC +1)
You have tough skin. (AC +1)


Message History

You claw the wight!
You destroy the wight!
The wight hits you from afar with a +7 spear!
You feel drained.
Your Unarmed Combat skill increases to level 6!
You are too injured to fight recklessly!
You are too injured to fight recklessly!
You are too injured to fight recklessly!
You are too injured to fight recklessly!
You are too injured to fight recklessly!
You are too injured to fight recklessly!
You are too injured to fight recklessly!
You are too injured to fight recklessly!
You are too injured to fight recklessly!
You are too injured to fight recklessly!
You are too injured to fight recklessly!
You are too injured to fight recklessly!
You are too injured to fight recklessly!
You are too injured to fight recklessly!
You are too injured to fight recklessly!
You are too injured to fight recklessly!
You are too injured to fight recklessly!
You feel very mighty all of a sudden.
The wight hits you from afar with a +7 spear!
You feel drained. The wight hits you with a +7 spear!
* * * LOW HITPOINT WARNING * * *
You scratch the wight but do no damage. You block the wight's attack.
You claw the wight!
The wight is severely damaged.
The wight hits you with a +7 spear!
* * * LOW HITPOINT WARNING * * *
You feel drained.
* * * LOW HITPOINT WARNING * * *
You claw the wight!
You destroy the wight!
A wight comes into view. It is wielding a +4 hand axe.
Items here: )) [[.
The wight hits you with a +4 hand axe!
You die...

#.#.........# #.#
#.#.........# #.#
# #.........# #.#
#################
#.# #.......###.#
#.......##..#
#.......##..####
#.......##.....#
#....@.)..<###.#
#####z###### #
...# #####


You could see a wight.

Vanquished Creatures
  Prince Ribbit (D:5)
  A black bear (D:5)
  2 wights (D:6)
  A hound (D:5)
  A sleepcap (D:5)
  2 orc wizards (D:5)
  An iguana (D:5)
  4 gnolls (D:5)
  4 adders
  A shadow imp (D:4)
  A white imp (D:5)
  2 ufetubi
  A worm (D:2)
  4 dart slugs
  5 orcs
  10 endoplasms
  A giant cockroach (D:3)
  13 goblins
  12 hobgoblins
  6 kobolds
  5 quokkas
  7 ball pythons
  6 bats
  A frilled lizard (D:1)
  5 rats
97 creatures vanquished.

Notes
Turn   | Place    | Note
-------+----------+-------------------------------------------
     0 | D:1      | Irreverend the Troll Fighter began the quest for the Orb.
     0 | D:1      | Reached XP level 1. HP: 22/22 MP: 0/0
   140 | D:1      | Reached XP level 2. HP: 29/29 MP: 1/1
   553 | D:1      | Reached XP level 3. HP: 36/36 MP: 2/2
   947 | D:2      | Found a faded altar of an unknown god.
  1035 | D:2      | Reached skill level 3 in Unarmed Combat
  1814 | D:3      | Reached XP level 4. HP: 43/44 MP: 3/3
  2275 | D:5      | Entered Level 5 of the Dungeon
  2283 | D:5      | Reached skill level 4 in Unarmed Combat
  2283 | D:5      | Reached XP level 5. HP: 39/53 MP: 1/4
  2388 | D:5      | Noticed Prince Ribbit
  2404 | D:5      | Killed Prince Ribbit
  2405 | D:5      | Reached skill level 5 in Unarmed Combat
  2405 | D:5      | Reached XP level 6. HP: 45/62 MP: 3/5
  2693 | D:5      | Reached XP level 7. HP: 67/68 MP: 6/6
  2895 | D:5      | Found a stormy altar of Qazlal.
  3079 | D:5      | Found a staircase to the Ecumenical Temple.
  3374 | Temple   | Entered the Ecumenical Temple
  4026 | D:6      | Reached skill level 6 in Unarmed Combat
  4030 | D:6      | HP: 2/63 [wight/+7 spear (2)]
  4034 | D:6      | Slain by a wight

Illustrated notes

Levels and vault maps discovered:
D:1:      heliophobic_arrival_glass_houses, layout_basic
D:2:      layout_rooms, hellmonk_ecumenical_altar_arch_garden, minmay_3d_cube
D:3:      layout_basic
D:4:      layout_rooms, minmay_goblin_kobold_house
D:5:      layout_basic, lemuel_round_altar, minmay_temple_entry_fiery,
          uniq_prince_ribbit1
D:6:      layout_basic, evilmike_ruin_ashenzari, nicolae_elyvilon_temple_path
Temple:   dpeg_chambers_temple

Skill      XL: |  1  2  3  4  5  6  7 |
---------------+----------------------+-----
Shields        | 3 4 |  4.6
Unarmed Combat | 3 4 5 6 |  6.1
Fighting       | 3 4 |  4.2
Dodging        | |  2.4

Action                     |  1- 3 |  4- 6 |  7- 9 || total
---------------------------+-------+-------+-------++-------
  Melee: Unarmed           |   154 |   125 |    20 ||   299
    Use: Potion            |       |     1 |     1 ||     2
 Armour: Robe              |    57 |    30 |     3 ||    90
  Dodge: Dodged            |    51 |    41 |     6 ||    98
  Block: Kite shield       |    59 |    45 |     9 ||   113
